[Event "*** Titled Tuesday Blitz"]
[Site "Chess.com"]
[Date "2018.07.03"]
[Round "4"]
[White "dreamist"]
[Black "Bigfish1995"]
[Result "1-0"]
[WhiteElo "2602"]
[BlackElo "2871"]
[TimeControl "180+2"]
[EndTime "13:53:24 PDT"]
[Termination "dreamist won on time"]

1. c4 e6 2. Nc3 d5 3. d4 Be7 4. Nf3 Nf6 5. cxd5 exd5 6. Bg5 O-O 7. e3 c6 8. Bd3 Nbd7 9. h3 Nb6 10.
Rc1 Ne8 11. Bxe7 Qxe7 12. O-O Nd6 13. Re1 Be6 14. Na4 Rae8 15. Nc5 Bc8 16. Qc2 g6 17. b3 Nd7 18. b4 Nb6 19. Nd2 Qg5 20.
Nf3 Qh5 21. Nd2 Nd7 22. Qd1 Qg5 23. Nf3 Qe7 24. Qc2 Nf6 25. Ne5 Nfe4 26. Nxe4 Nxe4 27. Bxe4 dxe4 28. Qc5 Be6 29. Qxe7 Rxe7 30. a4 Rd8 31. Nc4 Bd5 32. Na5 f5 33. b5 cxb5 34. axb5 Kf7 35.
Rc3 Ke6 36. Rec1 g5 37. Nc4 f4 38. Ne5 f3 39. gxf3 exf3 40. Kh2 h5 41. Rc7 h4 42. Rxe7+ Kxe7 43. e4 Bb3 44. Nxf3 Ba4 45. Rc5 Rf8 46. Kg2 b6 47. Rxg5 Kd6 48. Rd5+ Kc7 49. Rh5 Rf4 50.
Rh7+ Kb8 51. Re7 Bxb5 52. d5 a5 53. Nd4 Ba4 54. f3 Rf8 55. Nc6+ Bxc6 56. dxc6 Ka8 57. f4 a4 58. Rd7 b5 59. c7 Rc8 60. Rd5 Rxc7 61. Rxb5 a3 62. Rb1 Rc3 63. f5 Rg3+ 64.
Kf2 Rxh3 65. f6 Rh2+ 66. Ke3 Rb2 67. Ra1 Rb3+ 68. Kf4 1-0

[Event "*** Titled Tuesday Blitz"]
[Site "Chess.com"]
[Date "2018.07.03"]
[Round "4"]
[White "chessking2151"]
[Black "Roachelley"]
[Result "1-0"]
[WhiteElo "2459"]
[BlackElo "2306"]
[TimeControl "180+2"]
[EndTime "13:53:24 PDT"]
[Termination "chessking2151 won by resignation"]

1. Nf3 Nf6 2. g3 d5 3. Bg2 c6 4.
c4 Bg4 5. Ne5 Bf5 6. Qb3 Qc8 7.
O-O e6 8. d4 Nbd7 9. Nc3 Bd6 10. Bf4 Bxe5 11. dxe5 Nh5 12. cxd5 exd5 13. Qa3 Nxf4 14.
gxf4 Nb6 15. e4 Bh3 16. f5 Bxg2 17. Kxg2 Nc4 18. Qa4 O-O 19. Qc2 Nxe5 20. exd5 cxd5 21. Rae1 Re8 22. f3 d4 23. f4 Nc4 24. Rxe8+ Qxe8 25. Nd1 Qc6+ 26. Kg1 Qd5 27. Re1 d3 28. Qg2 Qd4+ 29.
Qf2 Qxf2+ 30. Kxf2 Rd8 31. b3 Nd6 32. Re5 f6 33.
Ra5 a6 34. Ke3 Kf7 35. Rd5 Ke7 36. Nc3 d2 37. Ke2 Rd7 38. Nd1 Ne4 39. Rxd7+ Kxd7 40. Ne3 Kd6 41. a3 Kc5 42. Kd3 Nf2+ 43. Kxd2 Nh3 44.
Kd3 Nxf4+ 45. Ke4 Ne2 46. b4+ Kd6 47. Nc4+ Kc6 48. Na5+ Kb6 49. Kd5 Nf4+ 50. Kd6 g6 51. fxg6 Nxg6 52. a4 f5 53. Nc4+ Ka7 54. Ke6 f4 55.
Nd2 Kb6 56. Kf5 Kc6 57. Ke4 Kd6 58. Nf3 Kc6 59. Nd4+ Kd6 60. Ne2 b5 61. axb5 axb5 62. Nd4 f3 63. Nxb5+ Kc6 64. Nd4+ Kb6 65. Kxf3 Kc7 66.
Ke4 Kb6 67. Kf5 Kc7 68. Kf6 Nf4 69. Kg7 h5 70. Kh6 h4 71. Kg5 Ng2 72. Kg4 Kb6 73.
Kh3 Nf4+ 74. Kxh4 Nd5 75. b5 Kc5 76. Nf5 Kxb5 77. Kg5 Kc6 78. h4 Kd7 79. h5 Ke8 80. h6 Kf8 81. h7 1-0

[Event "*** Titled Tuesday Blitz"]
[Site "Chess.com"]
[Date "2018.07.03"]
[Round "4"]
[White "Genghis_K"]
[Black "josiwales"]
[Result "1-0"]
[WhiteElo "2709"]
[BlackElo "2506"]
[TimeControl "180+2"]
[EndTime "13:53:32 PDT"]
[Termination "Genghis_K won by resignation"]

1. e4 c5 2. Nf3 Nc6 3. Nc3 Nf6 4.
d4 cxd4 5. Nxd4 e5 6. Ndb5 d6 7. Bg5 a6 8. Na3 b5 9. Nd5 Be7 10. Bxf6 Bxf6 11. c4 Nd4 12. cxb5 Be6 13. Bc4 axb5 14.
Nxb5 Bxd5 15. exd5 Qa5+ 16. Nc3 Rc8 17. Bd3 O-O 18. O-O Qb4 19. Qd2 Rc7 20. Ne4 Qxd2 21. Nxd2 Rb8 22. b3 g6 23. Rfc1 Ra7 24. Bf1 Kf8 25.
a4 Bg5 26. Rd1 Bxd2 27. Rxd2 Nxb3 28. Rb2 Rbb7 29. Rab1 Nc5 30. Rxb7 Rxb7 31. Ra1 Ra7 32. Bb5 Ke7 33. f3 f5 34. Kf2 Kf6 35. Ra3 e4 36.
f4 h6 37. Ke3 g5 38. g3 h5 39. a5 h4 40. a6 hxg3 41. hxg3 gxf4+ 42. gxf4 Rh7 43. Kd4 Ra7 44. Be2 Ke7 45. Rh3 Kd8 46.
Rh5 Nxa6 47. Rxf5 Nc7 48. Kxe4 Ra4+ 49. Ke3 Ke7 50. Bf3 Ra3+ 51. Kf2 Nb5 52. Rh5 Nd4 53. Be4 Ra2+ 54. Ke3 Nb5 55. Rh7+ Kf6 56. Rh6+ Ke7 57. Re6+ Kd7 58. f5 Nc3 59. Bf3 Ra3 60. Kf4 Ra4+ 61. Kg5 Rd4 62. Re1 Nxd5 63. Bxd5 Rxd5 64. Kg6 Rd2 65. f6 Rg2+ 66. Kf7 d5 67. Kf8 d4 68. Rd1 Ke6 69. f7 Kd7 70. Rxd4+ Ke6 71. Ke8 Ra2 72.
f8=Q 1-0

[Event "*** Titled Tuesday Blitz"]
[Site "Chess.com"]
[Date "2018.07.03"]
[Round "4"]
[White "platy3"]
[Black "Mikhail_Antipov"]
[Result "1-0"]
[WhiteElo "2748"]
[BlackElo "2824"]
[TimeControl "180+2"]
[EndTime "13:53:56 PDT"]
[Termination "platy3 won by resignation"]

1. e4 e5 2. Nf3 d5 3. d4 Nf6 4.
Nxe5 Nxe4 5. Bd3 Nc6 6. Nxc6 bxc6 7. O-O Bd6 8. Nc3 f5 9. Ne2 Qh4 10. g3 Qf6 11. c3 O-O 12. Bf4 Bd7 13. Bxd6 cxd6 14.
f3 Qh6 15. Qc1 Nd2 16. Rf2 Qe3 17. Kg2 Rae8 18. Nf4 Nc4 19. b3 Nb6 20. Qxe3 Rxe3 21.
Re2 Rxe2+ 22. Bxe2 Re8 23. Kf2 g5 24. Nd3 Kf7 25. h4 h6 26. hxg5 hxg5 27. Rh1 Kg7 28. Nb4 a5 29. Nc2 a4 30. Bd3 axb3 31. axb3 Ra8 32.
Ra1 Rxa1 33. Nxa1 Na8 34. Nc2 Nc7 35. Ne3 Kf6 36. Ke2 Bc8 37. Kd2 f4 38. gxf4 gxf4 39. Nc2 c5 40. dxc5 dxc5 41. b4 Ne6 42. Bf1 Ke5 43.
Bh3 cxb4 44. Nxb4 Bb7 45. Nd3+ Kd6 46. Bxe6 d4 47. cxd4 Bxf3 48. Nxf4 Be4 49. Bc4 Bf3 50. Ke3 Bb7 51. Nd3 Bc6 52. Nc5 Kc7 53. Ne6+ Kd6 54.
Nc5 Kc7 55. Ne4 Kb6 56. Kf4 Ka5 57. Ke5 Kb4 58. Bd5 Bb5 59. Bb7 Bc4 60. Nd6 Bb3 61.
Bd5 Ba4 62. Bf3 Bb3 63. Bd5 Ba4 64. Bb7 Bb3 65. Ne4 Bc4 66. Nc5 Bf7 67. Bd5 Be8 68.
Na6+ Ka5 69. Nc7 Ba4 70. Be4 Bb3 71. Kd6 Kb4 72. Bd5 Bd1 73. Ne6 Kb5 74. Bc6+ Kc4 75. Ke5 1-0

[Event "*** Titled Tuesday Blitz"]
[Site "Chess.com"]
[Date "2018.07.03"]
[Round "4"]
[White "MITerryble"]
[Black "Firouzja2003"]
[Result "1/2-1/2"]
[WhiteElo "2700"]
[BlackElo "2813"]
[TimeControl "180+2"]
[EndTime "13:54:09 PDT"]
[Termination "Game drawn by stalemate"]

1. d4 Nf6 2. Nf3 d6 3. Bg5 c5 4. dxc5 Qa5+ 5. Nbd2 Qxc5 6. e3 Nc6 7. c4 e6 8. a3 Be7 9. Bxf6 gxf6 10. Ne4 Qa5+ 11.
b4 Qd8 12. Qd2 f5 13. Nc3 a5 14. b5 Ne5 15. Nxe5 dxe5 16. Qxd8+ Bxd8 17. Na4 Bd7 18. c5 e4 19. Be2 Bf6 20. Rc1 Ke7 21. O-O Rac8 22.
Rfd1 Rhd8 23. Rd2 Be8 24. Rcd1 Rxd2 25. Rxd2 Be5 26. g3 Rc7 27. Kf1 f6 28. Ke1 Rc8 29. Kd1 Rc7 30. Kc2 Rc8 31. Kb3 Rc7 32. Kc4 Rc8 33.
Nb6 Rb8 34. Kb3 Bc7 35. Na4 Be5 36. Kc4 Bc7 37. Bd1 Rc8 38. Be2 Rb8 39. Kb3 Rc8 40. Rd1 Rb8 41. Nb2 Rc8 42. a4 Bd8 43. Rc1 Bb6 44. Nc4 Rxc5 45. Rd1 Bd8 46. Rd2 b6 47. Rc2 Bc7 48. Na3 Rxc2 49. Kxc2 e5 50. Nc4 Bf7 51. Kd1 f4 52. Ke1 f3 53. Bf1 f5 54.
Kd2 f4 55. Kc2 Kf6 56. Kd2 Kg5 57. Kc2 h5 58. Nd2 Bd5 59. Bh3 h4 60. gxh4+ Kxh4 61. Bf5 fxe3 62. fxe3 f2 63. Kc3 Bd6 64. Kc2 Bb4 65. Nf1 Bc4 66. Ng3 f1=Q 67. Nxf1 Bxf1 68. Bxe4 Kh3 69. Bd5 Kxh2 70. Be4 Kg3 71. Bg6 Kf2 72. e4 Ke3 73. Bf7 Bd3+ 74. Kb2 Bxe4 75. Be6 Kd4 76. Bf7 Bd3 77. Be6 e4 78. Bg4 e3 79.
Bd1 e2 80. Bxe2 Bxe2 81. Ka2 Bc4+ 82. Ka1 Bc3+ 83. Kb1 Kc5 84. Kc1 Kb4 85. Kb1 Bb3 86. Kc1 Kxa4 87. Kb1 Kb4 88. Kc1 a4 89.
Kb1 a3 90. Kc1 a2 1/2-1/2

[Event "*** Titled Tuesday Blitz"]
[Site "Chess.com"]
[Date "2018.07.03"]
[Round "4"]
[White "arctic_t00"]
[Black "BlackBoarder"]
[Result "1-0"]
[WhiteElo "2326"]
[BlackElo "2247"]
[TimeControl "180+2"]
[EndTime "13:54:17 PDT"]
[Termination "arctic_t00 won by checkmate"]

1. d4 Nf6 2. Nf3 e6 3. c4 d5 4. Nc3 Bb4 5. Qa4+ Nc6 6. e3 Ne4 7. Qc2 O-O 8. Bd3 Bxc3+ 9. bxc3 f5 10. a4 b6 11. Ba3 Re8 12. O-O Ba6 13. cxd5 Bxd3 14.
Qxd3 exd5 15. c4 Na5 16. cxd5 Qxd5 17. Rac1 c5 18. Rfd1 cxd4 19. Qxd4 Qxd4 20. Nxd4 g6 21. Rc7 Rec8 22. Rdc1 Rxc7 23. Rxc7 Nf6 24. Ne6 Re8 25. Nd4 Ra8 26. h3 Nd5 27. Rd7 Nf6 28. Rc7 Nd5 29.
Rd7 Nf6 30. Re7 Nd5 31. Re5 Nc4 32. Rxd5 Nxa3 33. Rd7 a6 34. Rb7 b5 35. axb5 axb5 36. Nxb5 Nxb5 37. Rxb5 Ra1+ 38. Kh2 Kg7 39. Rb7+ Kh6 40. h4 Ra4 41. g3 Ra2 42. Kg2 Rc2 43. Kf3 Ra2 44. Rc7 Rb2 45. Rd7 Ra2 46. Rd4 Rb2 47.
g4 Kg7 48. Rd7+ Kg8 49. gxf5 gxf5 50. h5 h6 51. Rd6 Kg7 52. Rg6+ Kh7 53. Rf6 Rb5 54. Kf4 Rb4+ 55. Kxf5 Rh4 56. f4 Rxh5+ 57. Ke6 Ra5 58. e4 h5 59. Rf5 Ra6+ 60. Ke5 Kg6 61. Rg5+ Kh6 62. Rg8 Ra5+ 63. Kf6 Ra6+ 64. Kf5 Ra5+ 65.
e5 Kh7 66. Rg1 Kh6 67. Kf6 h4 68. e6 Kh5 69. f5 h3 70. e7 Ra8 71. Kf7 Kh4 72.
f6 h2 73. Rh1 Kh3 74. Rxh2+ Kxh2 75. e8=Q Ra7+ 76. Kg6 Kg3 77. Qe5+ Kg2 78. Qe4+ Kh2 79. Qe2+ Kh1 80. Qf1+ Kh2 81. Qf2+ Kh1 82. Qxa7 Kh2 83.
f7 Kh1 84. f8=Q Kh2 85. Qaf2+ Kh1 86. Qh8# 1-0

[Event "*** Titled Tuesday Blitz"]
[Site "Chess.com"]
[Date "2018.07.03"]
[Round "4"]
[White "pedromartinez91"]
[Black "ahmadzada13"]
[Result "1-0"]
[WhiteElo "2424"]
[BlackElo "2494"]
[TimeControl "180+2"]
[EndTime "13:54:59 PDT"]
[Termination "pedromartinez91 won by resignation"]

1. Nf3 c5 2. c4 Nf6 3. Nc3 b6 4. g3 Bb7 5. Bg2 e6 6. O-O Be7 7. d4 cxd4 8. Qxd4 O-O 9. Rd1 d6 10. b3 Nbd7 11. Qe3 a6 12. Ba3 Nc5 13. Nd4 Bxg2 14.
Kxg2 Qc7 15. Qf3 Rac8 16. Rac1 Rfd8 17. e3 Nfd7 18. Qe2 Ne5 19. f4 Qb7+ 20. Kg1 Nc6 21. Qg2 Bf6 22. Nxc6 Qxc6 23. Qxc6 Rxc6 24. Bxc5 bxc5 25.
Ne4 Be7 26. Rd3 g6 27. Rcd1 f5 28. Nc3 Bf6 29. Na4 Kf7 30. Kf2 Ke7 31. Kf3 Rb8 32.
h3 h5 33. R3d2 Rg8 34. h4 Rb8 35. Ke2 Rb4 36. Kd3 d5 37. cxd5 exd5 38. Ke2 d4 39. Nb2 dxe3 40. Rd7+ Ke6 41. Nc4 Bd4 42. Rd8 Ke7 43. Rd5 Rc7 44. Nxe3 Bxe3 45. Kxe3 Re4+ 46. Kf3 c4 47. bxc4 Rexc4 48. Re1+ Kf7 49. Re3 Rc1 50. Red3 R7c2 51. Rd7+ Ke8 52. Rd8+ Ke7 53. R8d7+ Ke8 54. Rg7 Rf1+ 55. Ke3 Re1+ 56. Kd4 Re4+ 57. Kd5 Rc8 58.
Rxg6 Rd8+ 59. Rd6 Rxd6+ 60. Kxd6 Re2 61. a3 Kf7 62. Kc6 Rg2 63. Kb6 Ke6 64. Kxa6 Rb2 65.
a4 Rb1 66. a5 Rb2 67. Ka7 Ke7 68. a6 Ke6 69. Ka8 Ke7 70. a7 Ke6 71. Re3+ Kd6 72. Re8 Kc7 73. Re7+ Kc6 74. Re5 Rb3 75. Rxf5 Rxg3 76.
Rf6+ Kc7 77. Rf7+ Kc6 78. Rf8 Kc7 79. f5 Rf3 80. f6 Rf4 81. Rf7+ Kc8 82. Rf8+ Kc7 83. Rb8 Rxf6 84. Rb7+ Kc8 85. Rb2 Kc7 86.
Rc2+ Kb6 87. Rb2+ Kc7 88. Rb5 Rf8+ 89. Rb8 Rf4 90. Rb7+ Kc8 91. Rb5 Kc7 92. Rc5+ Kb6 93. Rc8 Rf7 94. Rh8 Rxa7+ 95. Kb8 Ra5 96. Rh6+ Kb5 97.
Rxh5+ 1-0

[Event "*** Titled Tuesday Blitz"]
[Site "Chess.com"]
[Date "2018.07.03"]
[Round "5"]
[White "Triumphmate"]
[Black "saraswathii"]
[Result "1-0"]
[WhiteElo "2232"]
[BlackElo "2307"]
[TimeControl "180+2"]
[EndTime "13:58:01 PDT"]
[Termination "Triumphmate won by resignation"]

1. e4 c5 2. Nf3 e6 3. d4 cxd4 4. Nxd4 Nf6 5. Nc3 Nc6 6. Nxc6 bxc6 7. e5 Nd5 8. Ne4 f5 9. exf6 Nxf6 10. Nxf6+ Qxf6 11. Bd3 Bb7 12. O-O O-O-O 13. Be3 Kb8 14. Qd2 Rc8 15. Qa5 c5 16. b4 d6 17. bxc5 dxc5 18. Rab1 Ka8 19. Rxb7 Kxb7 1-0

[Event "*** Titled Tuesday Blitz"]
[Site "Chess.com"]
[Date "2018.07.03"]
[Round "5"]
[White "Fandorine"]
[Black "Paralinch"]
[Result "0-1"]
[WhiteElo "2742"]
[BlackElo "2801"]
[TimeControl "180+2"]
[EndTime "13:58:30 PDT"]
[Termination "Paralinch won by resignation"]

1. e4 c5 2. Nc3 e6 3. Nge2 Nc6 4.
g3 d5 5. exd5 exd5 6. d4 Bg4 7.
Qd3 Nb4 8. Qb5+ Bd7 9. Qxb7 Bc6 10. Qxc6+ Nxc6 11. Bg2 Nf6 12. O-O Nxd4 13. Nxd4 cxd4 14. Nb5 Be7 15. Nxd4 O-O 16. Rd1 Bc5 17. c3 Re8 18.
a4 Bxd4 0-1

[Event "*** Titled Tuesday Blitz"]
[Site "Chess.com"]
[Date "2018.07.03"]
[Round "5"]
[White "Shant_Sargsyan"]
[Black "Last7Samurai"]
[Result "1-0"]
[WhiteElo "2895"]
[BlackElo "2611"]
[TimeControl "180+2"]
[EndTime "13:58:55 PDT"]
[Termination "Shant_Sargsyan won by resignation"]

1. d4 d5 2. Nf3 Nf6 3. c4 c6 4. Nc3 e6 5. Bg5 dxc4 6. a4 b5 7. axb5 cxb5 8. Nxb5 Qb6 9. Na3 Qxb2 10. Nxc4 Bb4+ 11.
Bd2 Bxd2+ 12. Nfxd2 Qxd4 13. Qa4+ Bd7 14. Qa3 Nc6 15. e3 Qg4 16. Be2 Qxg2 17. Bf3 Qh3 18.
Nd6+ Kf8 19. Bxc6 1-0

[Event "*** Titled Tuesday Blitz"]
[Site "Chess.com"]
[Date "2018.07.03"]
[Round "5"]
[White "pedromartinez91"]
[Black "jacky72"]
[Result "1-0"]
[WhiteElo "2436"]
[BlackElo "2607"]
[TimeControl "180+2"]
[EndTime "13:59:20 PDT"]
[Termination "pedromartinez91 won by resignation"]

1. e4 e5 2. Nf3 Nc6 3. Bb5 a6 4. Ba4 d6 5. Bxc6+ bxc6 6. d4 exd4 7. Nxd4 c5 8. Nb3 g6 9. Na5 Bg7 10. O-O Ne7 11. Nc3 O-O 12. Bg5 f6 13. Bh4 Be6 14. Nd5 Rb8 15. Nxe7+ Qxe7 16. Nc6 Qf7 17. Nxb8 Rxb8 18. b3 f5 19. exf5 Bxf5 20. Rb1 d5 21. Re1 d4 22. Re7 Qd5 23. Qe2 h6 24. Re1 g5 25. Bg3 Rf8 26. Be5 Bxe5 27. Rxe5 Qd6 28.
Qc4+ Kg7 29. Qxc5 Qxc5 30. Rxc5 Rf7 31. Rd1 Rd7 32. Rxf5 1-0

[Event "*** Titled Tuesday Blitz"]
[Site "Chess.com"]
[Date "2018.07.03"]
[Round "5"]
[White "INDIAN-ELEPHANT"]
[Black "olksuna"]
[Result "0-1"]
[WhiteElo "2586"]
[BlackElo "2480"]
[TimeControl "180+2"]
[EndTime "13:59:30 PDT"]
[Termination "olksuna won by resignation"]

1. d4 Nf6 2. Nf3 e6 3. c4 d5 4. g3 dxc4 5. Bg2 c5 6. O-O Nc6 7.
Qa4 Bd7 8. Qxc4 b5 9. Qd3 c4 10. Qc2 Rc8 11. Bg5 Be7 12. Nc3 a6 13. Rad1 O-O 14.
Bxf6 Bxf6 15. d5 Nb4 16. Qb1 exd5 17. a3 Bxc3 18. bxc3 Nc6 19. Rxd5 Qe7 20. Ng5 g6 21. e4 Be6 22. Nxe6 fxe6 23. Rd2 Qxa3 24. Qc2 Qc5 25. Kh1 Ne5 26. Bh3 Rc6 27. Qa2 Nd3 28.
Bxe6+ Rxe6 29. Rxd3 Rxe4 30. Rd7 Qc6 0-1

[Event "*** Titled Tuesday Blitz"]
[Site "Chess.com"]
[Date "2018.07.03"]
[Round "5"]
[White "Firouzja2003"]
[Black "kuli4ik"]
[Result "0-1"]
[WhiteElo "2804"]
[BlackElo "2763"]
[TimeControl "180+2"]
[EndTime "13:59:38 PDT"]
[Termination "kuli4ik won on time"]

1. e4 e6 2. d4 d5 3. Nc3 Be7 4.
Bd3 c5 5. dxc5 Nf6 6. Qe2 d4 7.
Nb1 e5 8. Nf3 Nc6 9. O-O O-O 10.
a3 a5 11. Nbd2 Nd7 0-1

[Event "*** Titled Tuesday Blitz"]
[Site "Chess.com"]
[Date "2018.07.03"]
[Round "5"]
[White "Keures"]
[Black "Drags95"]
[Result "0-1"]
[WhiteElo "2137"]
[BlackElo "2600"]
[TimeControl "180+2"]
[EndTime "13:59:44 PDT"]
[Termination "Drags95 won by resignation"]

1. d4 Nf6 2. c4 e6 3. Nc3 Bb4 4. Qc2 O-O 5. a3 Bxc3+ 6. Qxc3 d6 7. Bg5 Nbd7 8. Nh3 e5 9. dxe5 dxe5 10. f3 e4 11. Nf2 Re8 12. O-O-O Qe7 13. fxe4 h6 14. Bxf6 Nxf6 15. g3 Nxe4 16. Nxe4 Qxe4 17. Rg1 Bf5 18. Rd3 Rad8 19. Rxd8 Rxd8 0-1

[Event "*** Titled Tuesday Blitz"]
[Site "Chess.com"]
[Date "2018.07.03"]
[Round "5"]
[White "Rickstereo"]
[Black "FairChess_on_YouTube"]
[Result "0-1"]
[WhiteElo "2173"]
[BlackElo "2916"]
[TimeControl "180+2"]
[EndTime "13:59:45 PDT"]
[Termination "FairChess_on_YouTube won by resignation"]

1. c4 e5 2. Nc3 Nc6 3. Nf3 g6 4. d4 exd4 5. Nxd4 Bg7 6. e3 Nge7 7. Be2 O-O 8. O-O Nxd4 9. exd4 Nf5 10. d5 d6 11. Bd2 Nd4 12. Bd3 Qh4 13. Rc1 Bg4 14. Qa4 Nf3+ 15. gxf3 Bxf3 0-1

[Event "*** Titled Tuesday Blitz"]
[Site "Chess.com"]
[Date "2018.07.03"]
[Round "5"]
[White "matiss90"]
[Black "EndgameGrinder"]
[Result "0-1"]
[WhiteElo "2344"]
[BlackElo "2455"]
[TimeControl "180+2"]
[EndTime "13:59:52 PDT"]
[Termination "EndgameGrinder won by resignation"]

1. e4 c5 2. Nf3 e6 3. d4 cxd4 4. Nxd4 Nc6 5. Nc3 Qc7 6. Be2 a6 7. O-O Nf6 8. Be3 Bb4 9. Bd3 b5 10. Nxc6 dxc6 11. f4 e5 12. fxe5 Ng4 13. Bf4 Nxe5 14.
Kh1 O-O 15. Qh5 Bd6 16. h3 Be6 17. Rad1 Rad8 18. Rf2 Nxd3 19. cxd3 Bxf4 20. d4 Be3 0-1

[Event "*** Titled Tuesday Blitz"]
[Site "Chess.com"]
[Date "2018.07.03"]
[Round "5"]
[White "NguyenDucHoa"]
[Black "joppie2"]
[Result "0-1"]
[WhiteElo "2506"]
[BlackElo "2719"]
[TimeControl "180+2"]
[EndTime "13:59:59 PDT"]
[Termination "joppie2 won by resignation"]

1. e4 e5 2. Nf3 Nc6 3. d4 exd4 4. Nxd4 Nf6 5. Nxc6 bxc6 6. Qe2 d5 7. exd5+ Be7 8.
Nc3 cxd5 9. Bg5 O-O 10. O-O-O c6 11. Qd2 Rb8 12. Be3 Qa5 13. Kb1 Ba3 14. b3 Bb4 15. Bd4 Ne4 16. Nxe4 Bxd2 17. Nxd2 c5 18. Bb2 Ba6 19. Nf3 Bxf1 20. Rhxf1 d4 21. Ne5 Qc7 22. Nc4 Qxh2 23. Ba3 Rbc8 24. g3 Qh6 25.
Rfe1 Rfe8 26. Rxe8+ Rxe8 27. Bxc5 Qh5 0-1

[Event "*** Titled Tuesday Blitz"]
[Site "Chess.com"]
[Date "2018.07.03"]
[Round "5"]
[White "mukhin1"]
[Black "platy3"]
[Result "1-0"]
[WhiteElo "2933"]
[BlackElo "2744"]
[TimeControl "180+2"]
[EndTime "14:00:13 PDT"]
[Termination "mukhin1 won by resignation"]

1. d4 Nf6 2. Bg5 d5 3. e3 c5 4. Bxf6 gxf6 5. dxc5 Qa5+ 6. Nc3 e6 7. Qd4 Nc6 8. Bb5 Bd7 9. Bxc6 bxc6 10. Qxf6 Rg8 11. Ne2 Rb8 12. O-O Bg7 13. Qh4 Rxb2 14. Qxh7 Kf8 15.
Qd3 Bc8 16. Qd2 Ba6 17. Rab1 Bxe2 18. Rxb2 Bxc3 19. Rb8+ Ke7 20. Rb7+ 1-0

[Event "*** Titled Tuesday Blitz"]
[Site "Chess.com"]
[Date "2018.07.03"]
[Round "5"]
[White "Ravan_02"]
[Black "Micki-taryan"]
[Result "0-1"]
[WhiteElo "2476"]
[BlackElo "2859"]
[TimeControl "180+2"]
[EndTime "14:00:20 PDT"]
[Termination "Micki-taryan won by checkmate"]

1. e4 d6 2. Nc3 e5 3. g3 Nc6 4. Bg2 Nf6 5. Nge2 Be7 6. d3 h5 7. h3 h4 8. g4 Nd7 9. f4 Nc5 10. Be3 Ne6 11. Qd2 g5 12. f5 Nf4 13. Bxf4 gxf4 14. Bf3 Bg5 15. Nd5 Nb8 16. d4 Nd7 17. O-O-O c6 18. Ndc3 Qe7 19. Kb1 Rh6 20. d5 Kf8 21.
Nc1 a6 22. Nb3 c5 23. Na5 Qd8 24. Ne2 Qc7 25. Nc1 Bd8 26. Nab3 c4 27. g5 Bxg5 28. Na1 c3 29. bxc3 Nb6 30. Nab3 Bd7 31. Rhg1 Bf6 32. Nd3 Na4 33. Nf2 Qxc3 34. Ng4 Qb2# 0-1

[Event "*** Titled Tuesday Blitz"]
[Site "Chess.com"]
[Date "2018.07.03"]
[Round "5"]
[White "Dr-Bassem"]
[Black "QDcoach"]
[Result "1-0"]
[WhiteElo "2709"]
[BlackElo "2660"]
[TimeControl "180+2"]
[EndTime "14:00:30 PDT"]
[Termination "Dr-Bassem won by resignation"]

1. e4 c5 2. Nf3 Nc6 3. d3 g6 4. g3 Bg7 5. Bg2 e6 6. O-O Nge7 7. c3 d5 8. Re1 O-O 9. e5 d4 10. c4 Qc7 11. Bf4 Rb8 12. Nbd2 b5 13.
b3 a6 14. h4 Nb4 15. Ne4 Bb7 16. Nf6+ Kh8 17. Qd2 Nf5 18. a3 bxc4 19. bxc4 Nc6 20. g4 Nfe7 21. h5 Ng8 22. h6 Bxf6 23. exf6 e5 24.
Nxe5 Nxe5 25. Bxe5 Qd7 26. Bxb8 Bxg2 27. Kxg2 Rxb8 28. Qf4 Rb3 29. Qf3 g5 30. Rab1 Rxa3 31. Rb8 1-0

[Event "*** Titled Tuesday Blitz"]
[Site "Chess.com"]
[Date "2018.07.03"]
[Round "5"]
[White "rasmussvane"]
[Black "SergeiAza"]
[Result "1/2-1/2"]
[WhiteElo "2578"]
[BlackElo "2678"]
[TimeControl "180+2"]
[EndTime "14:00:38 PDT"]
[Termination "Game drawn by repetition"]

1. Nf3 Nf6 2. c4 e6 3. Nc3 d5 4. d4 Be7 5. Bf4 O-O 6. Rc1 c5 7. dxc5 Bxc5 8. e3 Nc6 9. a3 a6 10. b4 Bd6 11. Bg5 a5 12. cxd5 axb4 13. Bxf6 gxf6 14.
axb4 Nxb4 15. Bd3 Qa5 16. O-O Nxd5 17. Ne5 fxe5 18. Bxh7+ Kxh7 19. Qh5+ Kg7 20. Qg5+ Kh7 21. Qh5+ Kg7 22. Qg5+ Kh7 23. Qh5+ Kg7 24. Qg5+ Kh7 25. Qh5+ Kg7 26. Qg5+ Kh7 27. Qh5+ 1/2-1/2

[Event "*** Titled Tuesday Blitz"]
[Site "Chess.com"]
[Date "2018.07.03"]
[Round "5"]
[White "GMMatamoros"]
[Black "ozates"]
[Result "1-0"]
[WhiteElo "2522"]
[BlackElo "2342"]
[TimeControl "180+2"]
[EndTime "14:00:50 PDT"]
[Termination "GMMatamoros won by resignation"]

1. Nf3 Nf6 2. c4 c6 3. e3 d5 4. Nc3 g6 5. d4 Bg7 6. Be2 O-O 7. O-O Bf5 8. cxd5 cxd5 9. Qb3 Bc8 10. Ne5 Nfd7 11.
Nxd7 Qxd7 12. Qxd5 Qc7 13. Bd2 Be6 14. Qb5 a6 15. Qa4 Nd7 16. Rfc1 Nb6 17. Qd1 Qd7 18.
Ne4 Bd5 19. Nc5 Qf5 20. Bg4 Qf6 21. e4 Bc6 22. e5 Qh4 23. g3 1-0

[Event "*** Titled Tuesday Blitz"]
[Site "Chess.com"]
[Date "2018.07.03"]
[Round "5"]
[White "Sven_Tica"]
[Black "VerdeNotte"]
[Result "0-1"]
[WhiteElo "2647"]
[BlackElo "2603"]
[TimeControl "180+2"]
[EndTime "14:00:53 PDT"]
[Termination "VerdeNotte won by resignation"]

1. Nf3 Nf6 2. g3 g6 3. Bg2 Bg7 4. O-O O-O 5. d4 d6 6. b3 c5 7.
Bb2 cxd4 8. Nxd4 d5 9. c4 dxc4 10. bxc4 Qb6 11. Nb3 Na6 12. Nc3 Be6 13. Nd5 Nxd5 14.
Bxg7 Ne3 15. Bd4 Nxd1 16. Bxb6 axb6 17. Rfxd1 Bxc4 18. Bxb7 Ra7 19. Bf3 Nb4 20. Rd4 b5 21. Nd2 Nc2 22. Rxc4 Nxa1 23. Rb4 Rxa2 24. Ne4 Nc2 25.
Rxb5 Nd4 26. Rb7 Nxe2+ 27. Bxe2 Rxe2 28. Rxe7 Re1+ 29. Kg2 Kh8 30. f3 Re2+ 31. Kg1 Ra8 32.
Kf1 Rxh2 33. Nf2 Ra1+ 34. Re1 Rxe1+ 35. Kxe1 Kg7 36. Kf1 Rh5 37. Kg2 Ra5 38. Kh3 h5 39. Ne4 g5 40. f4 gxf4 41. gxf4 Kg6 42. Ng3 Ra4 43. f5+ Kg5 44. f6 Ra3 0-1

[Event "*** Titled Tuesday Blitz"]
[Site "Chess.com"]
[Date "2018.07.03"]
[Round "5"]
[White "1b31-0"]
[Black "Arman_Hakemi"]
[Result "0-1"]
[WhiteElo "2196"]
[BlackElo "2294"]
[TimeControl "180+2"]
[EndTime "14:01:01 PDT"]
[Termination "Arman_Hakemi won by resignation"]

1. b3 e5 2. Bb2 Nc6 3. e3 Nf6 4. Bb5 Bd6 5. Na3 Na5 6. Be2 a6 7. c4 O-O 8. Nc2 Re8 9. Nf3 c5 10. d4 cxd4 11. exd4 e4 12. Nd2 Nc6 13. O-O Bb8 14.
Re1 d5 15. Nf1 Be6 16. Nfe3 Qd7 17. Rc1 Bf4 18. g3 Bc7 19. Bf1 Rad8 20. Bg2 h5 21.
c5 h4 22. a4 Ng4 23. Nf1 hxg3 24. hxg3 f5 25. b4 f4 26. b5 Ne7 27. bxa6 bxa6 28. Nb4 f3 29. c6 Qd6 30. Nxa6 fxg2 31. Ne3 Nxf2 32. Qe2 Qxg3 33. Qxf2 0-1

[Event "*** Titled Tuesday Blitz"]
[Site "Chess.com"]
[Date "2018.07.03"]
[Round "5"]
[White "sergeikim"]
[Black "simplerXiao"]
[Result "1-0"]
[WhiteElo "2418"]
[BlackElo "2350"]
[TimeControl "180+2"]
[EndTime "14:01:16 PDT"]
[Termination "sergeikim won by resignation"]

1. d4 Nf6 2. c4 e6 3. Nc3 Bb4 4.
Qc2 d5 5. a3 Bxc3+ 6. Qxc3 Ne4 7. Qc2 c5 8. dxc5 Nc6 9. Nf3 Qa5+ 10. Bd2 Nxd2 11. Nxd2 Qxc5 12. e3 d4 13. Nb3 Qe5 14. Bd3 dxe3 15. O-O g6 16. Rae1 O-O 17. Rxe3 Qg5 18. Rg3 Qf4 19. c5 e5 20. Bc4 Bf5 21. Qe2 Rad8 22. h3 Nd4 23. Nxd4 Rxd4 24. b3 Rfd8 25. Rf3 Qh4 26. Qxe5 Re4 27. Qc7 Rd7 28. Qc8+ Kg7 29. Rxf5 Rd8 30. Rxf7+ Kh6 31. Qc7 1-0

[Event "*** Titled Tuesday Blitz"]
[Site "Chess.com"]
[Date "2018.07.03"]
[Round "5"]
[White "stolencandy13"]
[Black "pulvettd"]
[Result "0-1"]
[WhiteElo "2309"]
[BlackElo "2456"]
[TimeControl "180+2"]
[EndTime "14:01:33 PDT"]
[Termination "pulvettd won by resignation"]

1. e4 c5 2. Nf3 d6 3. d4 cxd4 4. Nxd4 Nf6 5. Nc3 a6 6. h3 e6 7. g4 h6 8. Be3 b5 9. Bg2 Bb7 10.
a3 Nbd7 11. f4 Rc8 12. Nde2 Nc5 13. Ng3 h5 14. g5 h4 15. gxf6 hxg3 16. fxg7 Bxg7 17.
Bd4 e5 18. Be3 exf4 19. Bxf4 Ne6 20. Bxg3 Rxc3 21. bxc3 Bxc3+ 22. Kf1 Qf6+ 23. Ke2 Rg8 24. Qxd6 Nd4+ 25. Kd3 Bxa1 26. Qxf6 Rxg3+ 27. Kd2 Nb3+ 0-1